[Event "32nd Panamerican Youth 2022"]
[Site "Montevideo"]
[Date "2022.06.27"]
[Round "3.34"]
[White "Vazquez, Facundo"]
[Black "Hernandez, Jeronimo"]
[Result "1/2-1/2"]
[ECO "D35"]
[WhiteElo "2357"]
[BlackElo "2121"]
[Annotator "TA"]
[PlyCount "92"]
[EventDate "2022.06.26"]
[EventType "swiss"]
[EventCountry "URU"]
[SourceTitle "playchess.com"]
[Source "ChessBase"]
[SourceQuality "1"]
[TimeControl "5400+30"]

1. d4 d5 2. c4 e6 3. Nc3 Nf6 4. cxd5 exd5 5. Bg5 c6 6. e3 Bd6 7. Bd3 O-O 8. Qc2 {[%cal Od3h7] D35: Queen's Gambit Declined: Exchange Variation.} h6 9. Bh4 Re8 10. Nge2 {The position is equal.} a5 11. h3 Na6 12. a3 {Prevents Nb4.} Nc7 13. g4 Ne6 {[#]} 14. O-O-O $146 (14. Kf1 $11) ({Predecessor:} 14. f3 b5 15. e4 dxe4 16. fxe4 Be7 17. Bf2 Bb7 18. e5 Nd7 19. Be4 b4 20. Na4 {0-1 (26) Dragun,K (2590)-Xiong,J (2686) Saint Louis 2022}) 14... b5 $17 15. f4 (15. Kb1 $142) 15... g5 (15... b4 $142 16. g5 Nh5) 16. fxg5 hxg5 17. Bg3 b4 18. Bxd6 Qxd6 19. Rdf1 Ng7 20. Na4 (20. Nd1 $15) 20... bxa3 21. b3 (21. Nc5 $17 {keeps fighting.}) 21... Rb8 22. Rf3 Ne4 23. Nc5 a4 24. Nxa4 {[#]} ({Wrong is} 24. Bxe4 $2 dxe4 25. Rxf7 Kxf7 $19) 24... Qb4 $1 25. Nec3 Nxc3 (25... Be6 $142 {And now ...c5 would win.} 26. Kb1 c5) 26. Nxc3 {[#]} ({White should play} 26. Qxc3 Qxc3+ 27. Nxc3) 26... Qxb3 ({Black should try} 26... Re7 $1 $17 27. Rhf1 (27. Bh7+ Kf8 $17) 27... Qxb3 28. Bh7+ Kf8) 27. Qxb3 $15 Rxb3 28. Kd2 Rb2+ 29. Bc2 $1 Be6 30. Na4 $1 Reb8 (30... Rb5 $17 {keeps the pressure on.}) 31. Nxb2 $18 axb2 32. Rb1 Ne8 33. Kc3 Nd6 34. Rxb2 Ra8 35. Bd3 Ra3+ 36. Rb3 $4 (36. Kd2 $18) 36... Ne4+ $19 {Black is clearly winning.} 37. Kc2 Rxb3 {[%mdl 64] Deflection} 38. Kxb3 {[%mdl 4096] Endgame KRB-KBN} Nd2+ 39. Kb4 Nxf3 40. Kc5 Ne1 41. Bb1 Ng2 42. e4 Nf4 43. Kxc6 Kg7 44. Kd6 Kf6 45. e5+ Kg7 46. Bf5 Kf8 {[%mdl 32768] Weighted Error Value: White=0.56/Black=0.26 (precise) . An unexpected result.} 1/2-1/2

[Event "32nd Panamerican Youth 2022"]
[Site "Montevideo"]
[Date "2022.06.27"]
[Round "3.35"]
[White "Jaque Gutierrez, Matias"]
[Black "Castro Silva, Moises Antonio"]
[Result "1/2-1/2"]
[ECO "E68"]
[WhiteElo "2011"]
[BlackElo "2053"]
[Annotator "RC"]
[PlyCount "38"]
[EventDate "2022.06.26"]
[EventType "swiss"]
[EventCountry "URU"]
[SourceTitle "playchess.com"]
[Source "ChessBase"]
[SourceQuality "1"]
[TimeControl "5400+30"]

1. d4 Nf6 2. c4 g6 3. g3 Bg7 4. Bg2 O-O 5. Nc3 d6 6. Nf3 Nbd7 7. O-O e5 8. e4 exd4 9. Nxd4 Re8 10. h3 c6 11. Re1 Qc7 12. Bf4 a6 13. b3 Nc5 14. Qd2 Nh5 15. Be3 Ne6 16. Rad1 Bf8 17. g4 Nhg7 18. f4 Nxd4 19. Bxd4 b5 1/2-1/2

[Event "32nd Panamerican Youth 2022"]
[Site "Montevideo"]
[Date "2022.06.27"]
[Round "3.36"]
[White "Rojas Salas, Steven"]
[Black "Ibarra, Juan Martin"]
[Result "1/2-1/2"]
[ECO "D45"]
[WhiteElo "2210"]
[BlackElo "2165"]
[Annotator "RC"]
[PlyCount "22"]
[EventDate "2022.06.26"]
[EventType "swiss"]
[EventCountry "URU"]
[SourceTitle "playchess.com"]
[Source "ChessBase"]
[SourceQuality "1"]
[TimeControl "5400+30"]

1. c4 c6 2. d4 d5 3. Nc3 Nf6 4. e3 e6 5. Nf3 Nbd7 6. Be2 dxc4 7. a4 Bd6 8. Nd2 O-O 9. Nxc4 Bb4 10. a5 Qc7 11. Ra4 Nd5 1/2-1/2

[Event "32nd Panamerican Youth 2022"]
[Site "Montevideo"]
[Date "2022.06.28"]
[Round "4.2"]
[White "Rodriguez Barrientos, Johan Raziel"]
[Black "Ling, Chenxuan"]
[Result "1/2-1/2"]
[ECO "B21"]
[WhiteElo "1111"]
[BlackElo "1597"]
[Annotator "NA RC"]
[PlyCount "134"]
[EventDate "2022.06.26"]
[EventType "swiss"]
[EventCountry "URU"]
[SourceTitle "playchess.com"]
[Source "ChessBase"]
[SourceQuality "1"]
[TimeControl "5400+30"]

1. e4 c5 2. d4 cxd4 3. c3 Nf6 4. e5 Nd5 5. Nf3 e6 6. cxd4 d6 7. Bc4 Be7 8. O-O O-O 9. Nc3 Nxc3 10. bxc3 Qc7 11. Qd3 Nd7 12. exd6 Bxd6 13. Bb3 b6 14. Ng5 Nf6 15. Bc2 g6 16. Qf3 Nd5 17. Bb3 Bb7 18. Bxd5 Bxd5 19. Qf6 Be7 20. Qf4 Qxf4 21. Bxf4 Rac8 22. Rac1 Bxa2 23. Ne4 Bc4 24. Rfd1 Rfd8 25. Be5 f5 26. Nd2 Bd5 27. c4 Bc6 28. Nf3 Be4 29. Nd2 Bb7 30. Nf3 Kf7 31. Bf4 Kg7 32. Re1 Bxf3 33. gxf3 Kf7 34. Be5 Bd6 35. Bxd6 Rxd6 36. Red1 Rdc6 37. d5 Rxc4 38. Rxc4 Rxc4 39. d6 Rc8 40. Kf1 Rd8 41. Ke2 e5 42. Ke3 Ke6 43. Ra1 Rd7 44. f4 exf4+ 45. Kxf4 Kxd6 46. Kg5 a5 47. Kh6 Ra7 48. Rd1+ Kc6 49. Rc1+ Kb5 50. Rb1+ Ka6 51. h4 b5 52. Rc1 a4 53. Rc6+ Ka5 54. f4 a3 55. Rc1 b4 56. Rc5+ Ka4 57. Rc1 a2 58. Ra1 b3 59. Kg5 Kb4 60. Kh6 b2 61. Rxa2 Rxa2 62. h5 b1=Q 63. hxg6 hxg6 64. Kg5 Qg1+ 65. Kf6 Ra6+ 66. Ke5 Qe3+ 67. Kd5 Qe4# 1/2-1/2

[Event "32nd Panamerican Youth 2022"]
[Site "Montevideo"]
[Date "2022.06.28"]
[Round "4.3"]
[White "Jimenez Salas, Fabiana"]
[Black "Li, Iris"]
[Result "0-1"]
[ECO "C28"]
[WhiteElo "1117"]
[BlackElo "1365"]
[Annotator "NA RC"]
[PlyCount "128"]
[EventDate "2022.06.26"]
[EventType "swiss"]
[EventCountry "URU"]
[SourceTitle "playchess.com"]
[Source "ChessBase"]
[SourceQuality "1"]
[TimeControl "5400+30"]

1. e4 e5 2. Nc3 Nf6 3. Bc4 Nc6 4. d3 Bc5 5. f4 d6 6. h3 Na5 7. Bb5+ c6 8. Ba4 b5 9. Bb3 Nxb3 10. axb3 exf4 11. Bxf4 O-O 12. Nf3 Re8 13. Qd2 a5 14. Be3 Bxe3 15. Qxe3 d5 16. O-O b4 17. Na4 dxe4 18. dxe4 Rxe4 19. Qc5 Qd5 20. Qf2 Qd6 21. Rad1 Qe7 22. Rd2 Ba6 23. Rfd1 Re8 24. c4 bxc3 25. Nxc3 Re3 26. Kh1 Be2 27. Nxe2 Rxe2 28. Rxe2 Qxe2 29. Qxe2 Rxe2 30. Rd8+ Re8 31. Rxe8+ Nxe8 32. Kh2 Nd6 33. Kg3 Ne4+ 34. Kf4 Nc5 35. Nd2 Nd3+ 36. Ke4 Nxb2 37. Kd4 a4 38. bxa4 Nxa4 39. Kc4 f5 40. Kb4 Nb2 41. Kc5 Nd3+ 42. Kxc6 Nf4 43. Kd6 Nxg2 44. Ke5 g6 45. Nf3 Kg7 46. h4 Ne3 47. Ng5 Ng2 48. Nf3 Kh6 49. Kd4 Kh5 50. Ke5 Nxh4 51. Nh2 Kg5 52. Nf1 Nf3+ 53. Kd5 f4 54. Ke4 Kg4 55. Kd3 h5 56. Ke2 h4 57. Kf2 h3 58. Ke2 h2 59. Nxh2+ Nxh2 60. Kf2 f3 61. Kg1 Kg3 62. Kh1 g5 63. Kg1 f2+ 64. Kh1 f1=Q# 0-1

[Event "32nd Panamerican Youth 2022"]
[Site "Montevideo"]
[Date "2022.06.28"]
[Round "4.4"]
[White "Casalaspro, Mathias Andre"]
[Black "Martinez Flores, Matias"]
[Result "1-0"]
[ECO "B32"]
[WhiteElo "1686"]
[BlackElo "1508"]
[Annotator "NA RC"]
[PlyCount "99"]
[EventDate "2022.06.26"]
[EventType "swiss"]
[EventCountry "URU"]
[SourceTitle "playchess.com"]
[Source "ChessBase"]
[SourceQuality "1"]
[TimeControl "5400+30"]

1. e4 c5 2. Nf3 Nc6 3. d4 cxd4 4. Nxd4 Qb6 5. Nb3 Nf6 6. Nc3 e5 7. Be3 Qc7 8. a3 Be7 9. Qd2 a6 10. Rd1 d6 11. f3 h6 12. Bc4 b5 13. Bxb5 axb5 14. Nxb5 Qd8 15. Nxd6+ Bxd6 16. Qxd6 Qxd6 17. Rxd6 Ne7 18. Bc5 Be6 19. Kf2 Rc8 20. Rc1 Bxb3 21. cxb3 O-O 22. b4 Ng6 23. g3 Rc7 24. Rcd1 Rfc8 25. a4 Nf8 26. Rd8 Rxd8 27. Rxd8 N6d7 28. Bxf8 Nxf8 29. a5 Rb7 30. a6 Rd7 31. Ra8 Rd2+ 32. Ke3 Rxb2 33. a7 Ra2 34. b5 Kh7 35. b6 Nd7 36. b7 Ra3+ 37. Kd2 Ra2+ 38. Kc1 Nc5 39. b8=Q Rxh2 40. Qb5 Ne6 41. Qxe5 Rh1+ 42. Kb2 Rh2+ 43. Ka3 Rh5 44. Rh8+ Kxh8 45. a8=Q+ Kh7 46. Qxh5 Ng5 47. f4 g6 48. Qh1 Ne6 49. Qxh6+ Kxh6 50. Qh8# 1-0

[Event "32nd Panamerican Youth 2022"]
[Site "Montevideo"]
[Date "2022.06.28"]
[Round "4.5"]
[White "Vidyarthi, Omya"]
[Black "Su, Jasmine Zhixin"]
[Result "1/2-1/2"]
[ECO "A45"]
[WhiteElo "1872"]
[BlackElo "1984"]
[Annotator "RC"]
[PlyCount "119"]
[EventDate "2022.06.26"]
[EventType "swiss"]
[EventCountry "URU"]
[SourceTitle "playchess.com"]
[Source "ChessBase"]
[SourceQuality "1"]
[TimeControl "5400+30"]

1. d4 Nf6 2. Nc3 d5 3. Bf4 e6 4. Nb5 Na6 5. e3 Bb4+ 6. c3 Be7 7. Na3 c5 8. Bxa6 bxa6 9. h3 O-O 10. Nc2 Qb6 11. Rb1 a5 12. Ne2 Ba6 13. O-O Rac8 14. Re1 Rfd8 15. Bh2 Bc4 16. b3 Ba6 17. f3 cxd4 18. cxd4 Rc6 19. Qd2 Rdc8 20. Rb2 Bb5 21. Bg3 Qa6 22. Nf4 Rc3 23. Rd1 Qc6 24. Ne1 Bb4 25. Qf2 Rc1 26. Rb1 Bxe1 27. Rxe1 Rc2 28. Ne2 Qa6 29. Be5 Rxe2 30. Rxe2 Bxe2 31. Bxf6 gxf6 32. Qh4 Kg7 33. Qg3+ Kf8 34. Re1 Ke7 35. e4 dxe4 36. fxe4 Rc2 37. e5 Qd3 38. Qf2 f5 39. d5 Qa6 40. Qh4+ Ke8 41. d6 Qb7 42. Qg5 Bh5 43. Qg8+ Kd7 44. Qg5 Bg6 45. Qe7+ Kc6 46. Rd1 Qd7 47. Qh4 Kb7 48. Qe7 Rc7 49. Qh4 Rc8 50. Kh1 Kb8 51. Qe7 Qxe7 52. dxe7 f6 53. exf6 Kc7 54. Kh2 Rg8 55. g4 fxg4 56. hxg4 Bf7 57. Kh3 h6 58. Kh4 Rg6 59. Rd8 Rxf6 60. Rf8 1/2-1/2

[Event "32nd Panamerican Youth 2022"]
[Site "Montevideo"]
[Date "2022.06.28"]
[Round "4.6"]
[White "El Hage Serrano, Caely"]
[Black "Carvajal Mendoza, Maria Belen"]
[Result "1-0"]
[ECO "C41"]
[WhiteElo "1308"]
[BlackElo "1377"]
[Annotator "NA RC"]
[PlyCount "61"]
[EventDate "2022.06.26"]
[EventType "swiss"]
[EventCountry "URU"]
[SourceTitle "playchess.com"]
[Source "ChessBase"]
[SourceQuality "1"]
[TimeControl "5400+30"]

1. e4 e5 2. Nf3 d6 3. c3 c6 4. d3 Nd7 5. d4 Ngf6 6. Nbd2 Be7 7. Bd3 O-O 8. O-O Qc7 9. Re1 b5 10. b4 Re8 11. Bb2 Bb7 12. Rc1 a5 13. a3 Qb6 14. c4 axb4 15. axb4 bxc4 16. Nxc4 Qc7 17. Na5 c5 18. Nb3 Bf8 19. bxc5 exd4 20. c6 Bxc6 21. Nfxd4 Nc5 22. Nxc6 Qxc6 23. Bxf6 gxf6 24. Qg4+ Bg7 25. Nd4 Qd7 26. Nf5 Ne6 27. Bc4 Reb8 28. Red1 Rb6 29. Nxg7 Nf8 30. Nf5+ Ng6 31. Nh6+ 1-0

[Event "32nd Panamerican Youth 2022"]
[Site "Montevideo"]
[Date "2022.06.28"]
[Round "4.7"]
[White "Azocar Gajardo, Javiera"]
[Black "Gomez Gonzales, Fabiana"]
[Result "0-1"]
[ECO "B01"]
[WhiteElo "1245"]
[BlackElo "1289"]
[Annotator "NA RC"]
[PlyCount "68"]
[EventDate "2022.06.26"]
[EventType "swiss"]
[EventCountry "URU"]
[SourceTitle "playchess.com"]
[Source "ChessBase"]
[SourceQuality "1"]
[TimeControl "5400+30"]

1. e4 d5 2. exd5 Qxd5 3. Nc3 Qa5 4. Bc4 Nf6 5. h3 c6 6. d3 Bf5 7. g4 Bg6 8. f4 e6 9. Nf3 h5 10. Nh4 Bh7 11. g5 Nd5 12. Qxh5 Nf6 13. Qe2 Nd5 14. Bd2 Bb4 15. Bxd5 cxd5 16. Qe5 Bf8 17. g6 Nc6 18. gxf7+ Kxf7 19. Qh5+ Kg8 20. Ng6 Bxg6 21. Qxg6 Rh6 22. Qg4 Nb4 23. Kd1 Qc7 24. f5 Rf6 25. fxe6 Re8 26. a3 Qa5 27. Rb1 Rfxe6 28. axb4 Qd8 29. Qd4 Qe7 30. Nxd5 Qf7 31. Qg4 Rg6 32. Qc4 Qf3+ 33. Kc1 Qxh1+ 34. Be1 Qxe1# 0-1

[Event "32nd Panamerican Youth 2022"]
[Site "Montevideo"]
[Date "2022.06.28"]
[Round "4.8"]
[White "Reyes Perez, Aracelly"]
[Black "Mollo Figueroa, Nicole"]
[Result "1/2-1/2"]
[ECO "B23"]
[WhiteElo "1238"]
[BlackElo "1340"]
[Annotator "NA RC"]
[PlyCount "55"]
[EventDate "2022.06.26"]
[EventType "swiss"]
[EventCountry "URU"]
[SourceTitle "playchess.com"]
[Source "ChessBase"]
[SourceQuality "1"]
[TimeControl "5400+30"]

1. e4 c5 2. Nc3 d6 3. d3 Nc6 4. Be3 Nf6 5. g3 g6 6. Bg2 Bg7 7. h3 Rb8 8. f4 Qc7 9. Nge2 b5 10. Qd2 O-O 11. O-O b4 12. Nd1 Nd7 13. f5 Nde5 14. g4 Nd7 15. Bh6 f6 16. Bxg7 Kxg7 17. Nf4 Nb6 18. Ne3 a5 19. Nfd5 Nxd5 20. Nxd5 Qa7 21. Kh1 g5 22. Rac1 Ba6 23. Rfd1 Rh8 24. c3 b3 25. a3 Ne5 26. d4 Nd3 27. Rb1 c4 28. Qe2 1/2-1/2

[Event "32nd Panamerican Youth 2022"]
[Site "Montevideo"]
[Date "2022.06.28"]
[Round "4.13"]
[White "Chen, Rachel Ruoxuan"]
[Black "Adam, Ernestina"]
[Result "1/2-1/2"]
[ECO "B90"]
[WhiteElo "1618"]
[BlackElo "1681"]
[Annotator "NA RC"]
[PlyCount "62"]
[EventDate "2022.06.26"]
[EventType "swiss"]
[EventCountry "URU"]
[SourceTitle "playchess.com"]
[Source "ChessBase"]
[SourceQuality "1"]
[TimeControl "5400+30"]

1. e4 c5 2. Nf3 d6 3. d4 cxd4 4. Nxd4 Nf6 5. Nc3 a6 6. Bd3 e5 7. Nde2 Be7 8. O-O b5 9. Bg5 Be6 10. f4 Ng4 11. Bxe7 Qxe7 12. Qe1 b4 13. f5 bxc3 14. fxe6 fxe6 15. Nxc3 Nf6 16. Bc4 d5 17. Bb3 d4 18. Nd1 Nbd7 19. Ba4 O-O 20. Bxd7 Qxd7 21. Nf2 Qc6 22. Qe2 Rab8 23. b3 Rfc8 24. Rac1 Rc7 25. Rfe1 Rbc8 26. Nd3 Qd6 27. Nb2 Qc5 28. Kh1 Qb5 29. Nc4 Qc5 30. Nb2 Qb5 31. Nc4 Qc5 1/2-1/2

[Event "32nd Panamerican Youth 2022"]
[Site "Montevideo"]
[Date "2022.06.28"]
[Round "4.14"]
[White "Da Cunha, Gabriela Goes"]
[Black "Brito Carrascal, Isabela"]
[Result "1-0"]
[ECO "E10"]
[WhiteElo "1726"]
[BlackElo "1487"]
[Annotator "NA RC"]
[PlyCount "58"]
[EventDate "2022.06.26"]
[EventType "swiss"]
[EventCountry "URU"]
[SourceTitle "playchess.com"]
[Source "ChessBase"]
[SourceQuality "1"]
[TimeControl "5400+30"]

1. d4 Nf6 2. c4 e6 3. Nf3 d5 4. cxd5 exd5 5. Bg5 Be7 6. Bxf6 Bxf6 7. Nc3 O-O 8. e3 c6 9. b4 b6 10. Qb3 Be6 11. Na4 a5 12. bxa5 b5 13. Nc5 Qxa5+ 14. Nd2 Na6 15. Nxa6 Rxa6 16. Bd3 Rc8 17. Qb2 Rb6 18. O-O c5 19. Nb3 Qa8 20. Qb1 c4 21. Bxh7+ Kh8 22. Nc5 g6 23. Bxg6 fxg6 24. Qxg6 Rf8 25. Nxe6 Rxe6 26. Qh6+ Kg8 27. Qg6+ Kh8 28. Qh6+ Kg8 29. Qg6+ Kh8 1-0

[Event "32nd Panamerican Youth 2022"]
[Site "Montevideo"]
[Date "2022.06.28"]
[Round "4.15"]
[White "Wilson, Hannah"]
[Black "Reifer-Belle, Chanon"]
[Result "1/2-1/2"]
[ECO "C55"]
[WhiteElo "1492"]
[BlackElo "1213"]
[Annotator "NA RC"]
[PlyCount "98"]
[EventDate "2022.06.26"]
[EventType "swiss"]
[EventCountry "URU"]
[SourceTitle "playchess.com"]
[Source "ChessBase"]
[SourceQuality "1"]
[TimeControl "5400+30"]

1. e4 e5 2. Nf3 Nc6 3. d4 exd4 4. Bc4 Nf6 5. e5 d5 6. Bb5 Ne4 7. Nxd4 Bd7 8. Bxc6 bxc6 9. O-O Bc5 10. f3 Ng5 11. f4 Ne4 12. Be3 Qb8 13. Qc1 Bb6 14. c3 c5 15. Nb3 c4 16. Nd4 c5 17. Nf3 O-O 18. Nbd2 Bf5 19. Nb1 f6 20. Qd1 Rd8 21. Nh4 Qc8 22. Nxf5 Qxf5 23. exf6 Nxf6 24. Qa4 Re8 25. Bf2 Qxf4 26. Bd4 Qh4 27. Bxf6 gxf6 28. Qc6 Qg5 29. Na3 Qe3+ 30. Rf2 Qe6 31. Rxf6 Qxc6 32. Rxc6 Re2 33. Rd6 Rxb2 34. Rxd5 Rd8 35. Rg5+ Kf7 36. Nxc4 Rc2 37. Nxb6 axb6 38. Rg3 Rdd2 39. a3 Ra2 40. Rxa2 Rxa2 41. c4 Rc2 42. Rb3 Rxc4 43. Rxb6 Rc1+ 44. Kf2 Rc2+ 45. Kg1 Rc1+ 46. Kf2 Rc2+ 47. Kg1 Rc1+ 48. Kf2 Rc2+ 49. Kg1 Rc1+ 1/2-1/2

[Event "32nd Panamerican Youth 2022"]
[Site "Montevideo"]
[Date "2022.06.28"]
[Round "4.16"]
[White "Norabuena Ticona, Gabriela Paola"]
[Black "Mayeregger Gonzalez, Fiorella"]
[Result "1-0"]
[ECO "A04"]
[WhiteElo "1410"]
[BlackElo "1284"]
[Annotator "NA RC"]
[PlyCount "32"]
[EventDate "2022.06.26"]
[EventType "swiss"]
[EventCountry "URU"]
[SourceTitle "playchess.com"]
[Source "ChessBase"]
[SourceQuality "1"]
[TimeControl "5400+30"]

1. Nf3 c5 2. c4 e6 3. e3 Nf6 4. d4 d5 5. Nc3 Nc6 6. a3 b6 7. Be2 Bb7 8. O-O Be7 9. h3 O-O 10. Rb1 Rb8 11. Na2 Na5 12. cxd5 Bxd5 13. Nc3 Bb3 14. Qd2 Nd5 15. Bd1 Bc4 16. Re1 Bf6 1-0

[Event "32nd Panamerican Youth 2022"]
[Site "Montevideo"]
[Date "2022.06.28"]
[Round "4.17"]
[White "Zacarias Rodriguez, Santiago"]
[Black "Caceres Benitez, Arturo Eduardo"]
[Result "1/2-1/2"]
[ECO "B33"]
[WhiteElo "2069"]
[BlackElo "1510"]
[Annotator "RC"]
[PlyCount "74"]
[EventDate "2022.06.26"]
[EventType "swiss"]
[EventCountry "URU"]
[SourceTitle "playchess.com"]
[Source "ChessBase"]
[SourceQuality "1"]
[TimeControl "5400+30"]

1. e4 c5 2. Nf3 Nc6 3. d4 cxd4 4. Nxd4 Nf6 5. Nc3 e5 6. Ndb5 d6 7. Bg5 a6 8. Na3 b5 9. Nd5 Be7 10. Bxf6 Bxf6 11. c3 Ne7 12. Nxf6+ gxf6 13. Nc2 f5 14. exf5 Bxf5 15. Ne3 Be6 16. Be2 f5 17. Bh5+ Ng6 18. Qc2 Qg5 19. Bf3 e4 20. Bxe4 fxe4 21. Qxe4 Kf7 22. f4 Qh4+ 23. g3 d5 24. Qxe6+ Kxe6 25. f5+ Ke5 26. gxh4 Nxh4 27. O-O-O Nf3 28. Rhf1 Ke4 29. Nxd5 Rhf8 30. Nb6 Ra7 31. f6 Rxf6 32. Nd7 Rf5 33. b4 Ke3 34. Nc5 a5 35. Kb2 axb4 36. cxb4 Rf4 37. a3 Rg7 1/2-1/2

[Event "32nd Panamerican Youth 2022"]
[Site "Montevideo"]
[Date "2022.06.28"]
[Round "4.18"]
[White "Handsztok, Matias"]
[Black "Ticona Rocabado, Licael Roderick"]
[Result "0-1"]
[ECO "C02"]
[WhiteElo "1868"]
[BlackElo "2097"]
[Annotator "RC"]
[PlyCount "42"]
[EventDate "2022.06.26"]
[EventType "swiss"]
[EventCountry "URU"]
[SourceTitle "playchess.com"]
[Source "ChessBase"]
[SourceQuality "1"]
[TimeControl "5400+30"]

1. e4 e6 2. d4 d5 3. e5 c5 4. c3 Nc6 5. Nf3 Nge7 6. Na3 cxd4 7. cxd4 Nf5 8. Nc2 Be7 9. Bd3 O-O 10. g4 Nh4 11. Nxh4 Bxh4 12. g5 Bxg5 13. Qh5 h6 14. Rg1 Bxc1 15. Rxc1 Kh8 16. Rg6 fxg6 17. Qxg6 Rf5 18. Ke2 Ne7 19. Qg3 Rg5 20. Qf4 Bd7 21. h4 Rf5 0-1

[Event "32nd Panamerican Youth 2022"]
[Site "Montevideo"]
[Date "2022.06.28"]
[Round "4.19"]
[White "Lavandeira, Juan Facundo"]
[Black "Cabiativa, Juan Esteban"]
[Result "0-1"]
[ECO "A34"]
[WhiteElo "1676"]
[BlackElo "1933"]
[Annotator "RC"]
[PlyCount "21"]
[EventDate "2022.06.26"]
[EventType "swiss"]
[EventCountry "URU"]
[SourceTitle "playchess.com"]
[Source "ChessBase"]
[SourceQuality "1"]
[TimeControl "5400+30"]

1. c4 c5 2. g3 Nf6 3. Bg2 d5 4. cxd5 Nxd5 5. Nc3 Nc7 6. Nf3 Nc6 7. O-O e5 8. d3 Be7 9. Nd2 Bd7 10. Nc4 f6 11. a4 0-1

[Event "32nd Panamerican Youth 2022"]
[Site "Montevideo"]
[Date "2022.06.28"]
[Round "4.25"]
[White "Galaviz Medina, Atlas Adomaitis"]
[Black "Fiorito, Joaquin"]
[Result "1-0"]
[ECO "D45"]
[WhiteElo "2096"]
[BlackElo "2258"]
[Annotator "TA"]
[PlyCount "55"]
[EventDate "2022.06.26"]
[EventType "swiss"]
[EventCountry "URU"]
[SourceTitle "playchess.com"]
[Source "ChessBase"]
[SourceQuality "1"]
[TimeControl "5400+30"]

1. d4 d5 2. Nf3 Nf6 3. c4 c6 4. Nc3 e6 5. e3 Nbd7 6. Qc2 Bd6 7. Bd3 dxc4 8. Bxc4 b5 9. Bd3 {[%emt 0:02:15] D46: Semi-Slav: 5 e3 Nbd7 6 Bd3, Black avoids the Meran.} Bb7 10. e4 e5 11. dxe5 {[%emt 0:18:51] The position is equal. was the old line (11.Bg5).} Nxe5 12. Nxe5 Bxe5 13. Ne2 {[%emt 0:04:52] [#]} h6 $146 ({Predecessor:} 13... Bd6 14. Bd2 Nd7 15. Ng3 Ne5 16. Be2 O-O 17. f4 Nd7 18. e5 Bc7 19. O-O-O a6 20. Bb4 Re8 21. Bg4 {½-½ (21) Deleyn,G (2250)-Lastin,A (2616) Plovdiv 2010}) 14. h3 O-O {[%emt 0:22:59][%cal Oc6c5] Strongly threatening ...c5!} 15. f4 Bd4 (15... c5 $5 16. fxe5 c4 17. exf6 cxd3 $15) 16. Bd2 (16. e5 $1 $11) 16... c5 $15 {[%emt 0:00:30] Hoping for ...c4.} 17. e5 $1 Nd5 ({Much less strong is} 17... Bxg2 18. Rh2 Bxb2 19. Rb1 $14 (19. Rxg2 $2 Bxa1 20. exf6 Bxf6 $17) (19. Qxb2 Qxd3 20. Rxg2 Qxh3 $14) (19. exf6 Bxa1 20. fxg7 Qh4+ 21. Kd1 Bxg7 $11)) 18. O-O-O Ne3 ({Black should try} 18... Qb6 $17 {aiming for ...Be3.} 19. Kb1 Rfd8) 19. Bxe3 $11 Bxe3+ 20. Kb1 {[%emt 0:00:30] Black must now prevent Bh7+.} Qa5 21. Be4 Bxe4 22. Qxe4 Bd2 23. Ng3 {[%emt 0:00:30][%cal Be2g3,Bg3f5,Bf5h6][%mdl 32] Nf5 is the strong threat.} c4 24. Nf5 $36 {[%emt 0:00:30][%mdl 2048] Threatens to win with Ne7+. Black is under pressure.} Bb4 {[%emt 0:00:30][%mdl 8192] [#] Prevents Ne7+. This costs Black the game.} (24... c3 $14) 25. e6 $1 $18 {[%emt 0:00:30] Intending Qd4 and mate.} fxe6 26. Qxe6+ Rf7 $2 (26... Kh8 27. Nxg7 Qb6) 27. Rd7 Raf8 {[%emt 0:00:30] [#]} 28. Nxh6+ $1 {[%emt 0:00:30][%mdl 512] Weighted Error Value: White=0.21 (precise) /Black=0.57} 1-0

[Event "32nd Panamerican Youth 2022"]
[Site "Montevideo"]
[Date "2022.06.28"]
[Round "4.29"]
[White "Garcia Andrada, Heidy Nicole"]
[Black "Matus, Nastassja"]
[Result "1-0"]
[ECO "A01"]
[WhiteElo "1918"]
[BlackElo "1908"]
[Annotator "RC"]
[PlyCount "137"]
[EventDate "2022.06.26"]
[EventType "swiss"]
[EventCountry "URU"]
[SourceTitle "playchess.com"]
[Source "ChessBase"]
[SourceQuality "1"]
[TimeControl "5400+30"]

1. b3 e5 2. Bb2 Nc6 3. e3 g6 4. Bb5 Bg7 5. f4 d6 6. Nf3 Bd7 7. O-O Qe7 8. Nc3 Nf6 9. e4 O-O-O 10. d3 h5 11. a3 h4 12. Qe1 h3 13. g3 Rh5 14. fxe5 dxe5 15. b4 Nd4 16. Nxd4 exd4 17. Bxd7+ Qxd7 18. Ne2 Ng4 19. Nf4 Rh7 20. Bc1 Be5 21. Rf3 g5 22. Ne2 f6 23. Bd2 Qc6 24. Rc1 Qa6 25. Ra1 Qa4 26. Ra2 Qe8 27. Nc1 Qe6 28. Rf5 Nh6 29. Rf1 Nf7 30. Rb2 Nd6 31. a4 Qd7 32. b5 c5 33. c4 dxc3 34. Bxc3 Qe7 35. Rc2 Nf7 36. Qe3 Kb8 37. Bxe5+ Nxe5 38. Qxc5 Qxc5+ 39. Rxc5 Nxd3 40. Nxd3 Rxd3 41. Rxf6 Rhd7 42. Rf8+ Rd8 43. Rxd8+ Rxd8 44. Rxg5 Rd1+ 45. Kf2 Rd2+ 46. Kf3 Rxh2 47. Rh5 Ra2 48. Rxh3 Rxa4 49. Rh5 Kc7 50. Rd5 a6 51. bxa6 bxa6 52. g4 Ra1 53. g5 a5 54. Kf4 a4 55. g6 a3 56. g7 Rg1 57. Ra5 Kb6 58. Rxa3 Rxg7 59. Rc3 Rg1 60. e5 Re1 61. Kf5 Rf1+ 62. Kg6 Re1 63. Kf6 Rf1+ 64. Ke7 Re1 65. e6 Rf1 66. Ke8 Re1 67. e7 Rd1 68. Rf3 Kc7 69. Kf8 1-0

[Event "32nd Panamerican Youth 2022"]
[Site "Montevideo"]
[Date "2022.06.28"]
[Round "4.30"]
[White "Bosco, Giuliana"]
[Black "Borda Rodas, Anapaola S."]
[Result "0-1"]
[ECO "C63"]
[WhiteElo "1803"]
[BlackElo "2141"]
[Annotator "RC"]
[PlyCount "32"]
[EventDate "2022.06.26"]
[EventType "swiss"]
[EventCountry "URU"]
[SourceTitle "playchess.com"]
[Source "ChessBase"]
[SourceQuality "1"]
[TimeControl "5400+30"]

1. e4 e5 2. Nf3 Nc6 3. Bb5 f5 4. d3 fxe4 5. dxe4 Nf6 6. O-O d6 7. Re1 Be7 8. c3 O-O 9. Nbd2 Qe8 10. Nf1 Nh5 11. Ng3 Bg4 12. Be2 Kh8 13. Ng5 Bxe2 14. Qxe2 Nf4 15. Qg4 Qg6 16. h4 h6 0-1

[Event "32nd Panamerican Youth 2022"]
[Site "Montevideo"]
[Date "2022.06.28"]
[Round "4.32"]
[White "Perez Hernandez, Vicmary C."]
[Black "Castano, Saray"]
[Result "0-1"]
[ECO "B31"]
[WhiteElo "1909"]
[BlackElo "1704"]
[Annotator "RC"]
[PlyCount "36"]
[EventDate "2022.06.26"]
[EventType "swiss"]
[EventCountry "URU"]
[SourceTitle "playchess.com"]
[Source "ChessBase"]
[SourceQuality "1"]
[TimeControl "5400+30"]

1. e4 c5 2. Nf3 Nc6 3. Bb5 g6 4. Bxc6 bxc6 5. O-O Bg7 6. d3 e5 7. a4 d6 8. Na3 Nh6 9. Nc4 O-O 10. Bg5 f6 11. Bh4 g5 12. Bg3 f5 13. exf5 Nxf5 14. a5 Nxg3 15. fxg3 Ba6 16. Qd2 Bxc4 17. dxc4 e4 18. Ne1 Bd4+ 0-1